 Dungeon Crawl Stone Soup version 0.19.0-20-gbc5f0c6 (webtiles) character file.

44 dracos369 the Slasher (level 3, 0/23 HPs)
             Began as a Tengu Abyssal Knight on Nov 17, 2016.
             Was a Believer of Lugonu.
             Slain by a kobold
             ... wielding a +0 whip
              (4 damage)
             ... on level 1 of the Dungeon.
             The game lasted 00:02:51 (1147 turns).

dracos369 the Slasher (Tengu Abyssal Knight)        Turns: 1147, Time: 00:02:52

Health: 0/23       AC:  3    Str: 13    XL:     3   Next: 62%
Magic:  14/14      EV: 11    Int: 12    God:    Lugonu [**....]
Gold:   16         SH:  0    Dex: 13    Spells: 0 memorised, 2 levels left

rFire  . . .     SeeInvis .     a - +1 falchion
rCold  . . .     Gourm    .     b - +0 leather armour
rNeg   . . .     Faith    .     (no shield)
rPois  .         Spirit   .     (helmet restricted)
rElec  .         Reflect  .     (no cloak)
rCorr  .         Harm     .     (no gloves)
MR     .....                    (boots unavailable)
Stlth  +.........               (no amulet)
                                (no ring)
                                d - ring of magical power

@: no status effects
A: beak, talons 3
a: Depart the Abyss, Bend Space, Renounce Religion


You were on level 1 of the Dungeon.
You worshipped Lugonu.
Lugonu was pleased with you.
You were not hungry.

You visited 1 branch of the dungeon, and saw 2 of its levels.
You visited the Abyss 1 time.

You collected 16 gold pieces.

Inventory:

Hand Weapons
 a - a +1 falchion (weapon)
Armour
 b - a +0 leather armour (worn)
Jewellery
 d - a ring of magical power (left hand)
Scrolls
 g - a scroll of amnesia {unknown}
 h - a scroll of teleportation {unknown}
 i - a scroll of identify {unknown}
Potions
 e - 2 potions of curing {unknown}
 j - a potion of brilliance {unknown}
 k - a potion of ambrosia {unknown}
 l - a potion of heal wounds {unknown}
 m - a potion of haste {unknown}
Comestibles
 c - a bread ration


   Skills:
 - Level 3.0 Fighting
 + Level 4.2 Long Blades
 - Level 2.1 Armour
 - Level 1.1 Dodging
 - Level 1.5 Invocations


You had 2 spell levels left.
You didn't know any spells.

Dungeon Overview and Level Annotations

Branches:
Dungeon (2/15)

Altars:
The Shining One

Annotations:
D:1 fly


Innate Abilities, Weirdness & Mutations

You have a beak for a mouth.
You have claws for feet.


Message History

Your peck misses the kobold. The kobold hits you with a whip!
The kobold barely misses you.
You climb upwards.
Level annotation: fly
There is a stone staircase leading down here.
You closely miss the kobold. Your kick misses the kobold.
Your peck misses the kobold. The kobold hits you with a whip.
* * * LOW HITPOINT WARNING * * *
You are too injured to fight recklessly!
You are too injured to fight recklessly!
You are too injured to fight recklessly!
You barely miss the kobold. The kobold hits you with a whip.
* * * LOW HITPOINT WARNING * * *
You hit the kobold.
The kobold is severely wounded.
The kobold hits you but does no damage.
You closely miss the kobold.
The kobold is severely wounded.
The kobold hits you with a whip.
You die...

######## #........#####
#########.### #.........#
#.######### #.# ##### #.# #...#
#.############### #...###
########รท##.............
......####......@..........######
........##.######K...###.....#
......#.##.# ###..# #.....####
#...###.##.# #..# #.........
#...###.##.# #..# #.....####
##...##.##.### #..# #.....# #
##...##......# #..# ####### #
.#...##..###.######..#### #
.##)###..# #....)....##.## #


You could see a kobold.

Vanquished Creatures
  A gnoll (D:1)
  2 dart slugs (D:1)
  4 bats
  2 giant cockroaches (D:2)
  2 goblins (D:1)
  3 hobgoblins
  5 jackals
  2 kobolds (D:1)
  4 frilled lizards
  5 rats
30 creatures vanquished.

Notes
Turn   | Place    | Note
-------+----------+-------------------------------------------
     0 | Abyss:1  | dracos369 the Tengu Abyssal Knight began the quest for the Orb.
     0 | Abyss:1  | Reached XP level 1. HP: 14/14 MP: 3/3
     8 | D:1      | Escaped the Abyss
   263 | D:1      | Reached skill level 3 in Long Blades
   263 | D:1      | Reached XP level 2. HP: 17/19 MP: 4/4
   745 | D:2      | Reached XP level 3. HP: 17/23 MP: 5/5
   794 | D:2      | Found a glowing golden altar of the Shining One.
   804 | D:2      | Reached ** piety under Lugonu
   825 | D:2      | Reached skill level 4 in Long Blades
  1147 | D:1      | Slain by a kobold

Skill      XL: |  1  2  3 |
---------------+----------+-----
Long Blades    | 3 4 |  4.2
Fighting       | |  3.0
Armour         | |  2.1
Dodging        | |  1.1
Invocations    | |  1.5

Action                   || total
-------------------------++-------
Melee: Falchion          ||    67
       Kick              ||    18
       Peck              ||    10
  Eat: Chunk             ||     1
Armor: Leather armour    ||    18
Dodge: Dodged            ||    47
       Rpst.: Falchion   ||    15
